 Dungeon Crawl Stone Soup version 0.29-a0-563-g64e4043184 (webtiles) character file.

Game seed: 11849833106560895001

274 dolemite99 the Summoner (level 6, -13/45 HPs)
             Began as a Meteoran Summoner on June 12, 2022.
             Killed by an exploding themself (43 damage)
             ... ignited by their inner flame
             ... on level 5 of the Dungeon.
             The game lasted 00:06:57 (2340 turns).

dolemite99 the Summoner (Meteoran Summoner)         Turns: 2340, Time: 00:06:57

Health: -13/45     AC:  3    Str:  9    XL:     6   Next: 79%
Magic:  9/13       EV: 12    Int: 19    God:
Gold:   145        SH:  0    Dex: 15    Spells: 4/13 levels left

rFire   . . .      SeeInvis .   a - +0 hand crossbow
rCold   . . .      Faith    .   (no shield)
rNeg    . . .      Spirit   .   h - +1 robe
rPois   .          Reflect  .   (no helmet)
rElec   .          Harm     .   (no cloak)
rCorr   .          Rampage  .   (no gloves)
Will    .....                   (no boots)
Stlth   +.........              (no amulet)
HPRegen 0.15/turn               (no ring)
MPRegen 0.13/turn               (no ring)

@: about to teleport, glowing
A: sense surroundings 1, otherworldly, glowing, explore regen
a: no special abilities


You were on level 5 of the Dungeon.
You visited 1 branch of the dungeon, and saw 5 of its levels.

You collected 145 gold pieces.

Inventory:

Hand Weapons
 a - a +0 hand crossbow (weapon)
 c - a +1 flail
 f - a +0 dagger of speed
 m - a +2 dagger of freezing
 s - a +2 dagger of speed
Missiles
 n - 6 atropa-tipped darts
Armour
 d - a +0 kite shield
 h - a +1 robe (worn)
 o - a +0 pair of gloves
Scrolls
 e - a scroll of magic mapping
 g - 2 scrolls of teleportation
 i - a scroll of identify {@r1}
 k - a scroll of fog {unknown}
 q - 3 scrolls of immolation {unknown}
Potions
 b - a potion of magic
 j - a potion of curing
 l - a potion of lignification {unknown}
 p - a potion of mutation {unknown}
 r - a potion of brilliance {unknown}


   Skills:
 - Level 2.4 Dodging
 - Level 1.4 Stealth
 + Level 4.4 Spellcasting
 * Level 8.0 Summonings


You had 4 spell levels left.
You knew the following spells:

 Your Spells              Type           Power      Damage    Failure   Level
a - Call Canine Familiar  Summ           34%        N/A       1%          3
b - Call Imp              Summ           34%        N/A       1%          2
c - Summon Small Mammal   Summ           100%       N/A       1%          1
d - Summon Guardian Gole  Hex/Summ       19%        N/A       8%          3

Your spell library contained the following spells:

 Spells                   Type           Power      Damage    Failure   Level
 Ensorcelled Hibernation  Hex/Ice        8%         N/A       21%         2
 Passwall                 Tmut/Erth      3%         N/A       21%         2
 Summon Lightning Spire   Summ/Air       19%        N/A       26%         4
 Swiftness                Air            4%         N/A       36%         3
 Anguish                  Hex/Necr       2%         N/A       78%         4
 Enfeeble                 Hex            2%         N/A       100%        7
 Chain Lightning          Conj/Air       2%         3d2       100%        9
 Fire Storm               Conj/Fire      2%         8d1       100%        9
 Shatter                  Erth           2%         3d6*      100%        9


Dungeon Overview and Level Annotations

Branches:
Dungeon (5/15)
 Temple: D:4-7

Altars:

Shops:
D:3 [


Innate Abilities, Weirdness & Mutations

You passively map a small area around you.
You are easily found by Zot.
You glow in the dark.
You regain HP and MP as you explore.


Message History

The puff of frost hits the orc!
The orc dies!
Your hound bites the orc.
The two-headed ogre hits your hound with a +0 giant club!
The two-headed ogre hits your hound with a +0 giant spiked club!!
Your hound dies!
Your hound's corpse disappears in a puff of smoke!
The orc hits your guardian golem but does no damage.
Your white imp gestures at the orc.
The puff of frost hits the orc!
The orc dies!
You aren't carrying any items that you can evoke.
Unknown command.
As you read the scroll of teleportation, it crumbles to dust.
You feel strangely unstable.
Your guardian golem overheats!
Your white imp gestures at the two-headed ogre.
The puff of frost hits the two-headed ogre!
The orc closely misses you.
Your white imp hits the two-headed ogre.
Your white imp freezes the two-headed ogre.
Your white imp disappears in a puff of smoke!
The two-headed ogre hits your guardian golem with a +0 giant club!
Flame seeps out of your guardian golem.
The two-headed ogre hits your guardian golem with a +0 giant spiked club.
Flame seeps out of your guardian golem. The orc closely misses you.
Your guardian golem is engulfed in blazing flames.
Flame seeps out of your guardian golem.
The orc hits your guardian golem but does no damage.
Your guardian golem is engulfed in blazing flames.
Your guardian golem disappears in a puff of smoke!
Your guardian golem explodes!
The fiery explosion engulfs the orc!!
The orc dies!
The fiery explosion engulfs the orc!!!
The orc dies!
The fiery explosion engulfs the two-headed ogre!
The fiery explosion engulfs you!!!
Ouch! That really hurt!
You die...

.o. , , ** ... *
#.# * #..## ##
#..####
*##<.######..)§##
..........#.)O.#
####..<#...§○§# *
#..O###.§@§#
#...# ######
#....# ......#
####...# #$.?# *
#...#


You could see a two-headed ogre.

Vanquished Creatures
  A howler monkey (D:4)
  2 orcs
  A bat (D:3)
  4 endoplasms
  A giant cockroach (D:1)
  2 goblins
  3 hobgoblins
  A frilled lizard (D:1)
15 creatures vanquished.

Vanquished Creatures (collateral kills)
  An ogre (D:5)
  A hound (D:4)
  An iguana (D:4)
  3 adders
  An ufetubus (D:4)
  2 dart slugs
  7 orcs
  5 hobgoblins
  7 kobolds
  A quokka (D:4)
  3 ball pythons
  3 bats
  2 frilled lizards
  3 goblins
  2 rats
42 creatures vanquished.

Vanquished Creatures (others)
  2 orcs (D:5)
  A fungus (D:1)
3 creatures vanquished.

Grand Total: 60 creatures vanquished

Notes
Turn   | Place    | Note
-------+----------+-------------------------------------------
     0 | D:1      | dolemite99 the Meteoran Summoner began the quest for the
                  | Orb.
     0 | D:1      | Reached XP level 1. HP: 14/14 MP: 5/5
    38 | D:1      | Reached skill level 5 in Summonings
    61 | D:1      | Reached XP level 2. HP: 16/20 MP: 3/6
   111 | D:1      | Learned a level 2 spell: Call Imp
   271 | D:1      | Reached XP level 3. HP: 26/26 MP: 8/8
   281 | D:1      | Learned a level 3 spell: Call Canine Familiar
   495 | D:1      | Glimpsed the power of Zot.
   557 | D:2      | Reached skill level 6 in Summonings
   833 | D:2      | Reached XP level 4. HP: 33/33 MP: 9/9
  1090 | D:2      | Glimpsed the power of Zot.
  1367 | D:3      | Found Hycheari's Antique Armour Shop.
  1394 | D:3      | Learned a level 3 spell: Summon Guardian Golem
  1683 | D:3      | Glimpsed the power of Zot.
  1733 | D:3      | Glimpsed the power of Zot.
  1759 | D:4      | Reached skill level 7 in Summonings
  1759 | D:4      | Reached XP level 5. HP: 3/38 MP: 5/11
  2171 | D:4      | Reached XP level 6. HP: 20/45 MP: 7/13
  2278 | D:4      | Glimpsed the power of Zot.
  2314 | D:5      | Entered Level 5 of the Dungeon
  2314 | D:5      | Noticed an ogre
  2326 | D:5      | Noticed a two-headed ogre
  2332 | D:5      | Killed an ogre
  2333 | D:5      | Reached skill level 8 in Summonings
  2340 | D:5      | Killed by an exploding themself... ignited by their inner
                  | flame

Illustrated notes

Levels and vault maps discovered:
D:1:      roderic_chinese_lattice_arrival, layout_rooms,
          shapermc_ecumenical_altar_mp_urbaneastern, hangedman_decor_points
D:2:      layout_basic, minivault_27
D:3:      layout_basic, mainiacjoe_overflow_brackets, serial_shops, shop
D:4:      layout_basic
D:5:      layout_rooms, minmay_temple_entry_tees

Skill      XL: |  1  2  3  4  5  6 |
---------------+-------------------+-----
Summonings     | 5 6 7 8 |  8.0
Spellcasting   | 3 4 |  4.4
Dodging        | |  2.4
Stealth        | |  1.4

Action                   |  1- 3 |  4- 6 || total
-------------------------+-------+-------++-------
Melee: Flail             |     9 |       ||     9
       Dagger            |       |     3 ||     3
       Unarmed           |       |     1 ||     1
 Fire: Hand crossbow     |    14 |    26 ||    40
 Cast: Summon Small Mamm |    12 |     8 ||    20
       Call Imp          |    10 |    13 ||    23
       Call Canine Famil |     4 |     9 ||    13
       Summon Guardian G |       |     6 ||     6
  Use: Scroll            |     4 |     2 ||     6
       Potion            |       |     2 ||     2
Armor: Robe              |    13 |    23 ||    36
Dodge: Dodged            |    24 |    45 ||    69

Table legend: (Time is in decaauts)
 A = Elapsed time spent in this place.
 B = Non-inter-level travel time spent in this place.
 C = Inter-level travel time spent in this place.
 D = Time resting spent in this place.
 E = Time spent auto-exploring this place.
 F = Levels seen in this place.
 G = Mean time per level.
                   A        B        C        D        E       F      G
               +--------+--------+--------+--------+--------+-----+--------+
         Total |   2360 |   2330 |     30 |    796 |    700 |   5 |  472.0 |
       Dungeon |   2360 |   2330 |     30 |    796 |    700 |   5 |  472.0 |
               +--------+--------+--------+--------+--------+-----+--------+

Top non-repeatable levels by time:
     D:3: 884 daAuts
     D:2: 613 daAuts
     D:1: 503 daAuts
     D:4: 334 daAuts
     D:5: 25 daAuts
